 Dungeon Crawl Stone Soup version 0.29-a0-553-g81b289dbe5 (webtiles) character file.

Game seed: 4910748953541990689

743 siradein the Reanimator (level 7, -1/48 HPs)
             Began as a Demonspawn Necromancer on June 7, 2022.
             Asphyxiated
             ... on level 5 of the Dungeon.
             The game lasted 00:16:23 (4618 turns).

siradein the Reanimator (Demonspawn Necromancer)    Turns: 4618, Time: 00:16:24

Health: -1/48      AC:  5    Str:  9    XL:     7   Next: 47%
Magic:  1/10       EV: 11    Int: 18    God:
Gold:   255        SH:  3    Dex: 13    Spells: 2/10 levels left

rFire   . . .      SeeInvis .   g - +4 hunting sling (freeze)
rCold   . . .      Faith    .   f - +0 buckler
rNeg    . . .      Spirit   .   a - +0 robe
rPois   .          Reflect  .   (no helmet)
rElec   .          Harm     .   (no cloak)
rCorr   .          Rampage  .   (no gloves)
Will    .....                   m - +0 pair of boots
Stlth   ++........              (no amulet)
HPRegen 0.16/turn               (no ring)
MPRegen 0.12/turn               (no ring)

@: lethally poisoned (-1 -> -3), animating dead
A: rugged brown scales 2, weakness stinger 2
a: no special abilities


You were on level 5 of the Dungeon.
You visited 1 branch of the dungeon, and saw 5 of its levels.

You collected 255 gold pieces.

Inventory:

Hand Weapons
 g - a +4 hunting sling of freezing (weapon)
 r - a +0 short sword
Armour
 a - a +0 robe (worn)
 f - a +0 buckler (worn)
 m - a +0 pair of boots (worn)
Wands
 v - a wand of digging (4)
Scrolls
 d - a scroll of silence {unknown}
 i - a scroll of fog {unknown}
 j - a scroll of amnesia {unknown}
 l - 2 scrolls of magic mapping {unknown}
 n - 3 scrolls of blinking {unknown}
 p - 5 scrolls of enchant armour {unknown}
 q - a scroll of immolation {unknown}
 s - a scroll of poison {unknown}
 w - a scroll of vulnerability {unknown}
Potions
 b - a potion of magic
 c - 3 potions of resistance
 e - 3 potions of attraction
 h - 2 potions of curing
 k - a potion of lignification {unknown}
 o - a potion of haste {unknown}
 t - 3 potions of heal wounds
 u - a potion of might {unknown}


   Skills:
 - Level 1.7 Dodging
 - Level 1.7 Stealth
 - Level 2.0 Spellcasting
 + Level 10.2 Necromancy


You had 2 spell levels left.
You knew the following spells:

 Your Spells              Type           Power      Damage    Failure   Level
a - Necrotize             Necr           100%       1d9       1%          1
b - Vampiric Draining     Necr           38%        2d8       1%          3
c - Animate Dead          Necr           38%        N/A       3%          4

Your spell library contained the following spells:

 Spells                   Type           Power      Damage    Failure   Level
 Sting                    Tmut/Pois      4%         1d3       24%         1
 Poisonous Vapours        Pois/Air       2%         N/A       36%         2
 Agony                    Necr           38%        N/A       11%         5
 Olgreb's Toxic Radiance  Pois           1%         N/A       94%         4


Dungeon Overview and Level Annotations

Branches:
Dungeon (5/15)
 Temple: D:4-7

Altars:
Sif Muna


Innate Abilities, Weirdness & Mutations

You are mostly covered in rugged brown scales. (AC +2, +5% HP)
You have a tail ending in a sharp stinger.


Message History

Aiming: Vampiric Draining (safe; 1% risk of failure)
Press: ? - help, Shift-Dir - straight line, f/p - kobold brigand
Aim: a kobold brigand, wielding a +0 dagger and quivering curare-tipped darts (lightly wounded)
You draw life force from the kobold brigand!
You feel life coursing into your body.
You feel sick.
Your kobold zombie barely misses the kobold brigand.
The kobold brigand closely misses you.
The kobold brigand hits your kobold zombie with a +0 club!
Your kobold zombie is destroyed!
Unknown command.
Unknown command.
Casting: Vampiric Draining (safe; 1% risk of failure)
Confirm with . or Enter, or press ? or * to list all spells.
Aiming: Vampiric Draining (safe; 1% risk of failure)
Press: ? - help, Shift-Dir - straight line, f/p - kobold brigand
Aim: a kobold brigand, wielding a +0 dagger and quivering curare-tipped darts (heavily wounded)
You draw life force from the kobold brigand.
You feel life coursing into your body.
You feel sick. The kobold brigand barely misses you.
The kobold brigand hits you with a +0 short sword!
Unknown command.
Casting: Vampiric Draining (safe; 1% risk of failure)
Confirm with . or Enter, or press ? or * to list all spells.
Aiming: Necrotize (safe; 1% risk of failure)
Press: ? - help, Shift-Dir - straight line, f/p - kobold brigand
Aim: a kobold brigand, wielding a +0 dagger and quivering curare-tipped darts (severely wounded, chance to affect: 83%)
The kobold brigand writhes in agony.
You feel sick.
You are no longer poisoned.
The kobold brigand hits you with a +0 short sword.
* * * LOW HITPOINT WARNING * * *
Unknown command.
The kobold brigand hits you with a +0 dagger.
* * * LOW HITPOINT WARNING * * *
The kobold brigand misses you. The kobold attacks as you move away!
The kobold hits you but does no damage.
The kobold brigand throws a curare-tipped dart.
The curare-tipped dart hits you.
You are poisoned.
You have difficulty breathing.
You die...

##.#####.#.#.#.# #.#
.........#..<..# #.#
.........####).# #.#
...............# #.#
........####.#.###.#
.)......# #.#...#.#
######### #.##..#.#
#.....#.# #####@#.#
#...# # ##KK# ...
#KK# ....$##K.#
......)..#
......'..#
......'..#
..[..##..#


You could see 3 kobold brigands and 2 kobolds.

Vanquished Creatures
  A black bear (D:4)
  An ogre (D:4)
  A centaur (D:4)
  A phantom (D:5)
  A scorpion (D:5)
  An orc priest (D:2)
  A gnoll shaman (D:4)
  2 iguanas
  Natasha (thrice) (D:2)
  3 gnolls (D:4)
  3 adders
  An ufetubus (D:5)
  A worm (D:2)
  2 dart slugs
  8 orcs
  9 endoplasms
  2 giant cockroaches
  9 goblins
  6 hobgoblins
  3 jackals (D:1)
  2 quokkas
  12 ball pythons
  11 bats
  2 frilled lizards
  14 kobolds
  10 rats
110 creatures vanquished.

Vanquished Creatures (collateral kills)
  A ball python (D:1)
  An endoplasm (D:2)
  A jackal (D:1)
  A rat (D:1)
4 creatures vanquished.

Vanquished Creatures (others)
  A kobold zombie (D:5)
  10 toadstools (D:5)
11 creatures vanquished.

Grand Total: 125 creatures vanquished

Notes
Turn   | Place    | Note
-------+----------+-------------------------------------------
     0 | D:1      | siradein the Demonspawn Necromancer began the quest for the
                  | Orb.
     0 | D:1      | Reached XP level 1. HP: 13/13 MP: 3/3
   236 | D:1      | Gained mutation: You are partially covered in rugged brown
                  | scales. (AC +1, +3% HP) [demonic ancestry]
   236 | D:1      | Reached XP level 2. HP: 13/19 MP: 3/5
   369 | D:1      | Reached skill level 5 in Necromancy
   878 | D:1      | Reached XP level 3. HP: 24/24 MP: 6/6
   882 | D:1      | Learned a level 3 spell: Vampiric Draining
   964 | D:1      | Found a faded altar of an unknown god.
  1462 | D:2      | Reached skill level 6 in Necromancy
  1557 | D:2      | Reached XP level 4. HP: 27/30 MP: 3/7
  1672 | D:2      | Noticed Natasha
  1693 | D:2      | Killed Natasha
  1706 | D:2      | Noticed Natasha
  1711 | D:2      | Killed Natasha
  1919 | D:2      | Noticed Natasha
  1921 | D:2      | Killed Natasha
  1922 | D:2      | Reached skill level 7 in Necromancy
  1922 | D:2      | Gained mutation: You have a small tail. [demonic ancestry]
  1922 | D:2      | Reached XP level 5. HP: 36/36 MP: 6/8
  3195 | D:4      | Noticed a centaur
  3208 | D:4      | Killed a centaur
  3209 | D:4      | Reached skill level 8 in Necromancy
  3209 | D:4      | Gained mutation: You have a tail ending in a sharp stinger.
                  | [demonic ancestry]
  3209 | D:4      | Reached XP level 6. HP: 13/42 MP: 0/9
  3563 | D:4      | Learned a level 4 spell: Animate Dead
  3701 | D:4      | Reached skill level 9 in Necromancy
  3717 | D:4      | Found a shimmering blue altar of Sif Muna.
  3919 | D:4      | Gained mutation: You are mostly covered in rugged brown
                  | scales. (AC +2, +5% HP) [demonic ancestry]
  3919 | D:4      | Reached XP level 7. HP: 42/48 MP: 10/10
  4227 | D:5      | Entered Level 5 of the Dungeon
  4522 | D:5      | Reached skill level 10 in Necromancy
  4618 | D:5      | Asphyxiated

Illustrated notes

Levels and vault maps discovered:
D:1:      elethiomel_arrival_shortcut, layout_basic,
          shapermc_ecumenical_altar_totnotflames
D:2:      layout_basic, uniq_natasha
D:3:      layout_basic
D:4:      layout_rooms, nicolae_sif_muna_condensation
D:5:      cheibrodos_fertilizer, layout_basic, minmay_temple_entry_sparse_star,
          roderic_batcave

Skill      XL: |  1  2  3  4  5  6  7 |
---------------+----------------------+-----
Necromancy     | 5 6 7 8 9 10 | 10.2
Dodging        | |  1.7
Stealth        | |  1.7
Spellcasting   | |  2.0

Action                   |  1- 3 |  4- 6 |  7- 9 || total
-------------------------+-------+-------+-------++-------
Melee: Mace              |    17 |       |       ||    17
       Unarmed           |     3 |       |       ||     3
       Short sword       |       |     5 |       ||     5
       Tailslap          |       |     2 |       ||     2
 Fire: Hunting sling     |    51 |   108 |    33 ||   192
 Cast: Necrotize         |    28 |     7 |     2 ||    37
       Vampiric Draining |       |     8 |     5 ||    13
       Animate Dead      |       |       |     1 ||     1
  Use: Scroll            |       |     4 |       ||     4
 Stab: Sleeping          |     1 |       |       ||     1
Armor: Robe              |    15 |    24 |     7 ||    46
Dodge: Dodged            |    45 |    29 |    18 ||    92
Block: Buckler           |       |     6 |     2 ||     8

Table legend: (Time is in decaauts)
 A = Elapsed time spent in this place.
 B = Non-inter-level travel time spent in this place.
 C = Inter-level travel time spent in this place.
 D = Time resting spent in this place.
 E = Time spent auto-exploring this place.
 F = Levels seen in this place.
 G = Mean time per level.
                   A        B        C        D        E       F      G
               +--------+--------+--------+--------+--------+-----+--------+
         Total |   4727 |   4418 |    309 |      0 |   3541 |   5 |  945.4 |
       Dungeon |   4727 |   4418 |    309 |      0 |   3541 |   5 |  945.4 |
               +--------+--------+--------+--------+--------+-----+--------+

Top non-repeatable levels by time:
     D:1: 1382 daAuts
     D:2: 1367 daAuts
     D:3: 819 daAuts
     D:4: 750 daAuts
     D:5: 405 daAuts
